NWL (28 & UNDER)
CULVER CITY EXTRAS @ MOOSE JAW GHOSTBUSTERS
05/30/2029
 
TOP OF THE 1ST
Culver City Extras batting - Pitching for Moose Jaw Ghostbusters : RHP Ernesto Mendoza
Pitching: RHP Ernesto Mendoza
Batting: RHB Horace Johnson 0-0: Ball
1-0: SINGLE (Groundball, 34D)
Batting: LHB Jorge Martínez 0-0: Ball
1-0: Ball
2-0: Swinging Strike
2-1: Foul Ball, location: 2F
2-2: Foul Ball, location: 2F
2-2: Strikes out swinging
Batting: LHB Tony Smith 0-0: Ball
Horace Johnson steals 2nd base
1-0: Called Strike
1-1: Ground out 4-3 (Groundball, 4)
Horace Johnson to third
Batting: RHB Clarence Harrison 0-0: Called Strike
0-1: Ball
1-1: Called Strike
1-2: Ball
2-2: Ball
3-2: Base on Balls
Batting: SHB Joey Boyd 0-0: Ball
1-0: Called Strike
1-1: Fly out, F7 (Flyball, 78D)
Top of the 1st over - 0 runs, 1 hit, 0 errors, 2 left on base; Culver City 0 - Moose Jaw 0
BOTTOM OF THE 1ST
Moose Jaw Ghostbusters batting - Pitching for Culver City Extras : LHP Scott Davis
Pitching: LHP Scott Davis
Batting: LHB Jon Rogers 0-0: Ball
1-0: Foul Ball, location: 2F
1-1: Swinging Strike
1-2: Foul Ball, location: 2F
1-2: Foul Ball, location: 2F
1-2: Foul Ball, location: 2F
1-2: Foul Ball, location: 2F
1-2: SINGLE (Line Drive, 4M)
Batting: RHB Bob Cole 0-0: Called Strike
0-1: SINGLE (Groundball, 6D)
Jon Rogers to second
Batting: RHB Billy Mullins 0-0: Ball
1-0: Ball
2-0: Ball
3-0: Base on Balls
Jon Rogers to third
Bob Cole to second
Batting: RHB Yasuhiko Sumita 0-0: Fly out, F8 (Flyball, 89M)
Runner from 3rd tags up, SCORES, throw made
Batting: LHB Jon Scott 0-0: Ball
1-0: SINGLE (Groundball, 6MD)
Bob Cole to third
Billy Mullins to second
Batting: RHB Aaron Murray 0-0: Ball
1-0: Called Strike
1-1: Ball
2-1: Ball
3-1: Base on Balls
Bob Cole scores
Billy Mullins to third
Jon Scott to second
Batting: LHB John Stone 0-0: Ball
1-0: Called Strike
1-1: Foul Ball, location: 2F
1-2: Foul Ball, location: 2F
1-2: Foul Ball, location: 2F
1-2: Fielders Choice at 2nd, 3-6 (Groundball, 34)
Billy Mullins scores
Jon Scott to third
Batting: RHB Johnny MacNamara 0-0: Ball
1-0: Ball
2-0: Fly out, F8 (Flyball, 8LM)
Bottom of the 1st over - 3 runs, 3 hits, 0 errors, 2 left on base; Culver City 0 - Moose Jaw 3
TOP OF THE 2ND
Culver City Extras batting - Pitching for Moose Jaw Ghostbusters : RHP Ernesto Mendoza
Batting: RHB Jason McIntosh 0-0: Ball
1-0: Ball
2-0: Ball
3-0: Called Strike
3-1: Ground out 5-3 (Groundball, 5)
Batting: RHB Dave Anderson 0-0: Called Strike
0-1: Ball
1-1: Fly out, F9 (Flyball, 9)
Batting: LHB Richard Bell 0-0: Ball
1-0: DOUBLE (Line Drive, 9LM)
Batting: LHB Francisco Chavero 0-0: Swinging Strike
0-1: Swinging Strike
0-2: Foul Ball, location: 2F
0-2: Ball
1-2: Strikes out looking
Top of the 2nd over - 0 runs, 1 hit, 0 errors, 1 left on base; Culver City 0 - Moose Jaw 3
BOTTOM OF THE 2ND
Moose Jaw Ghostbusters batting - Pitching for Culver City Extras : LHP Scott Davis
Batting: RHB Henry Barker 0-0: Ball
1-0: Ball
2-0: Ground out 4-3 (Groundball, 4)
Batting: LHB Jon Rogers 0-0: Ball
1-0: Foul Ball, location: 2F
1-1: Ball
2-1: Swinging Strike
2-2: Strikes out looking
Batting: RHB Bob Cole 0-0: Called Strike
0-1: Fly out, F7 (Line Drive, 7)
Bottom of the 2nd over - 0 runs, 0 hits, 0 errors, 0 left on base; Culver City 0 - Moose Jaw 3
TOP OF THE 3RD
Culver City Extras batting - Pitching for Moose Jaw Ghostbusters : RHP Ernesto Mendoza
Batting: RHB Horace Johnson 0-0: Ball
1-0: Ground out 1-3 (Groundball, 15S)
Batting: LHB Jorge Martínez 0-0: Ball
1-0: Called Strike
1-1: Fly out, F7 (Flyball, 7)
Batting: LHB Tony Smith 0-0: Ball
1-0: Ball
2-0: Foul Ball, location: 2F
2-1: SINGLE (Groundball, 3D)
Batting: RHB Clarence Harrison 0-0: Ball
Tony Smith steals 2nd base
1-0: Ground out 6-3 (Groundball, 6)
Top of the 3rd over - 0 runs, 1 hit, 0 errors, 1 left on base; Culver City 0 - Moose Jaw 3
BOTTOM OF THE 3RD
Moose Jaw Ghostbusters batting - Pitching for Culver City Extras : LHP Scott Davis
Batting: RHB Billy Mullins 0-0: Ball
1-0: Ball
2-0: Foul Ball, location: 2F
2-1: Swinging Strike
2-2: Ball
3-2: Strikes out looking
Batting: RHB Yasuhiko Sumita 0-0: Ball
1-0: Ball
2-0: Called Strike
2-1: Foul Ball, location: 2F
2-2: Strikes out swinging
Batting: LHB Jon Scott 0-0: Foul Ball, location: 2F
0-1: Ball
1-1: Foul Ball, location: 2F
1-2: Strikes out looking
Bottom of the 3rd over - 0 runs, 0 hits, 0 errors, 0 left on base; Culver City 0 - Moose Jaw 3
TOP OF THE 4TH
Culver City Extras batting - Pitching for Moose Jaw Ghostbusters : RHP Ernesto Mendoza
Batting: SHB Joey Boyd 0-0: Ball
1-0: Called Strike
1-1: Foul Ball, location: 2F
1-2: Strikes out swinging
Batting: RHB Jason McIntosh 0-0: DOUBLE (Line Drive, 7LM)
Batting: RHB Dave Anderson 0-0: Ball
1-0: Ball
2-0: Called Strike
2-1: Ball
3-1: Foul Ball, location: 2F
3-2: Strikes out swinging
Batting: LHB Richard Bell 0-0: SINGLE (Groundball, 34D)
Jason McIntosh to third
Runner from 3rd tries for Home, SAFE, no throw
Batting: LHB Francisco Chavero 0-0: Called Strike
0-1: Swinging Strike
0-2: Ball
1-2: Foul Ball, location: 2F
1-2: Ball
2-2: Strikes out looking
Top of the 4th over - 1 run, 2 hits, 0 errors, 1 left on base; Culver City 1 - Moose Jaw 3
BOTTOM OF THE 4TH
Moose Jaw Ghostbusters batting - Pitching for Culver City Extras : LHP Scott Davis
Batting: RHB Aaron Murray 0-0: Swinging Strike
0-1: Ball
1-1: Ball
2-1: Called Strike
2-2: Foul Ball, location: 2F
2-2: Ball
3-2: Ground out 5-3 (Groundball, 56)
Batting: LHB John Stone 0-0: Fly out, F6 (Line Drive, 6)
Batting: RHB Johnny MacNamara 0-0: Swinging Strike
0-1: Ball
1-1: Ball
2-1: Foul Ball, location: 2F
2-2: Foul Ball, location: 2F
2-2: SINGLE (Groundball, 56D)
Batting: RHB Henry Barker 0-0: Called Strike
0-1: Ball
1-1: Ball
2-1: Ball
3-1: Fly out, F8 (Flyball, 89D)
Bottom of the 4th over - 0 runs, 1 hit, 0 errors, 1 left on base; Culver City 1 - Moose Jaw 3
TOP OF THE 5TH
Culver City Extras batting - Pitching for Moose Jaw Ghostbusters : RHP Ernesto Mendoza
Batting: RHB Horace Johnson 0-0: Foul Ball, location: 2F
0-1: Ball
1-1: Ball
2-1: Called Strike
2-2: SINGLE (Line Drive, 8RS)
Batting: LHB Jorge Martínez 0-0: Called Strike
0-1: Ball
1-1: Ball
2-1: SINGLE (Groundball, 2R) (infield hit)
Horace Johnson to second
Batting: LHB Tony Smith 0-0: Called Strike
0-1: Ball
1-1: Ball
2-1: Ball
3-1: Fielders Choice at 2nd, 6-4 (Groundball, 6)
Horace Johnson to third
Batting: RHB Clarence Harrison 0-0: Ball
1-0: Ball
2-0: Ground out 5-3 (Groundball, 56S)
Tony Smith to second
Batting: SHB Joey Boyd 0-0: Ball
1-0: Ball
2-0: Called Strike
2-1: Foul Ball, location: 2F
2-2: Reached on error, E6 (Groundball, 6S)
Horace Johnson scores
Tony Smith scores
Batting: RHB Jason McIntosh 0-0: Called Strike
0-1: Called Strike
0-2: Foul Ball, location: 2F
0-2: Strikes out swinging
Top of the 5th over - 2 runs, 2 hits, 1 error, 1 left on base; Culver City 3 - Moose Jaw 3
BOTTOM OF THE 5TH
Moose Jaw Ghostbusters batting - Pitching for Culver City Extras : LHP Scott Davis
Batting: LHB Jon Rogers 0-0: Ball
1-0: Foul Ball, location: 2F
1-1: Ball
2-1: Foul Ball, location: 2F
2-2: Foul Ball, location: 2F
2-2: Foul Ball, location: 2F
2-2: Ball
3-2: Foul Ball, location: 2F
3-2: Foul Ball, location: 2F
3-2: Strikes out swinging
Batting: RHB Bob Cole 0-0: Ball
1-0: Swinging Strike
1-1: Swinging Strike
1-2: Ball
2-2: Ball
3-2: SINGLE (Line Drive, 56D)
Batting: RHB Billy Mullins 0-0: Called Strike
0-1: Swinging Strike
0-2: Ball
1-2: Foul Ball, location: 2F
1-2: Ball
2-2: Foul Ball, location: 2F
2-2: Ground out 5-3 (Groundball, 5S)
Bob Cole to second
Batting: RHB Yasuhiko Sumita 0-0: Swinging Strike
0-1: SINGLE (Groundball, 6MD)
Bob Cole to third
Runner from 3rd tries for Home, SAFE, no throw
Batting: LHB Jon Scott 0-0: Called Strike
0-1: Ball
1-1: SINGLE (Groundball, 34) (infield hit)
Yasuhiko Sumita to second
Pitching: RHP Juan Zumaya
Batting: RHB Aaron Murray 0-0: Called Strike
0-1: Ball
1-1: Ground out 4-3 (Groundball, 4)
Bottom of the 5th over - 1 run, 3 hits, 0 errors, 2 left on base; Culver City 3 - Moose Jaw 4
TOP OF THE 6TH
Culver City Extras batting - Pitching for Moose Jaw Ghostbusters : RHP Ernesto Mendoza
Batting: RHB Dave Anderson 0-0: Called Strike
0-1: Ball
1-1: Ball
2-1: Ball
3-1: DOUBLE (Flyball, 78XD)
Batting: LHB Richard Bell 0-0: Called Strike
0-1: Swinging Strike
0-2: Ball
1-2: Ball
2-2: Foul Ball, location: 2F
2-2: Foul Ball, location: 2F
2-2: Ball
3-2: Ground out 5-3 (Groundball, 5)
Pitching: RHP Tom Fisher
Batting: LHB Francisco Chavero 0-0: Ball
Dave Anderson is caught stealing 3rd base
1-0: Swinging Strike
1-1: Swinging Strike
1-2: Strikes out swinging
Top of the 6th over - 0 runs, 1 hit, 0 errors, 0 left on base; Culver City 3 - Moose Jaw 4
BOTTOM OF THE 6TH
Moose Jaw Ghostbusters batting - Pitching for Culver City Extras : RHP Juan Zumaya
Batting: LHB John Stone 0-0: Called Strike
0-1: Ground out 5-3 (Groundball, 56S)
Batting: RHB Johnny MacNamara 0-0: Called Strike
0-1: SINGLE (Groundball, 34D)
Batting: RHB Henry Barker 0-0: Ball
1-0: Swinging Strike
1-1: Ball
2-1: Foul Ball, location: 2F
2-2: Foul Ball, location: 2F
2-2: Strikes out swinging
Batting: LHB Jon Rogers 0-0: Ball
1-0: Called Strike
1-1: Ball
2-1: Ball
3-1: Base on Balls
Johnny MacNamara to second
Batting: RHB Bob Cole 0-0: Ball
1-0: Ball
2-0: Called Strike
2-1: SINGLE (Groundball, 6MD)
Johnny MacNamara to third
Jon Rogers to second
Runner from 3rd tries for Home, SAFE, throw made home
Batting: RHB Billy Mullins 0-0: Ball
1-0: Fly out, F9 (Flyball, 9S)
Bottom of the 6th over - 1 run, 2 hits, 0 errors, 2 left on base; Culver City 3 - Moose Jaw 5
TOP OF THE 7TH
Culver City Extras batting - Pitching for Moose Jaw Ghostbusters : RHP Tom Fisher
Batting: RHB Horace Johnson 0-0: Called Strike
0-1: Ball
1-1: Ball
2-1: Ball
3-1: Foul Ball, location: 2F
3-2: Base on Balls
Pitching: LHP Javier Galeas
Batting: LHB Jorge Martínez 0-0: Ball
Horace Johnson steals 2nd base
1-0: Called Strike
1-1: SINGLE (Line Drive, 34D)
Horace Johnson to third
Batting: LHB Tony Smith 0-0: Called Strike
0-1: Ball
1-1: Ball
2-1: Called Strike
2-2: Ball
3-2: Ground out 6-3 (Groundball, 56)
Jorge Martínez to second
Pitching: LHP Teuk-chin Kim
Batting: RHB Clarence Harrison 0-0: Called Strike
0-1: Called Strike
0-2: Ball
1-2: Ball
2-2: Strikes out swinging
Pinch Hitting: RHB Jamie Swyers 0-0: Swinging Strike
0-1: Fly out, F3 (Popup, 3SF)
Top of the 7th over - 0 runs, 1 hit, 0 errors, 2 left on base; Culver City 3 - Moose Jaw 5
BOTTOM OF THE 7TH
Moose Jaw Ghostbusters batting - Pitching for Culver City Extras : RHP José García
Pitching: RHP José García
Now in RF: Mitchell Darragh
Batting: RHB Yasuhiko Sumita 0-0: Ball
1-0: Ball
2-0: Ball
3-0: Called Strike
3-1: Called Strike
3-2: SINGLE (Groundball, 56D)
Pitching: LHP Marcos Ortíz
Batting: LHB Jon Scott 0-0: Called Strike
0-1: Foul Ball, location: 2F
0-2: Ball
1-2: Strikes out swinging
Pitching: LHP Alonso Álvarez
Batting: RHB Aaron Murray 0-0: Ball
1-0: Foul Ball, location: 2F
1-1: Foul Ball, location: 2F
1-2: Foul Ball, location: 2F
1-2: Strikes out looking
Batting: LHB John Stone 0-0: Ball
1-0: Ground out U3 (Groundball, 3)
Bottom of the 7th over - 0 runs, 1 hit, 0 errors, 1 left on base; Culver City 3 - Moose Jaw 5
TOP OF THE 8TH
Culver City Extras batting - Pitching for Moose Jaw Ghostbusters : LHP Teuk-chin Kim
Batting: RHB Jason McIntosh 0-0: Ball
1-0: Called Strike
1-1: Ball
2-1: Ball
3-1: Foul Ball, location: 2F
3-2: Base on Balls
Batting: RHB Dave Anderson 0-0: Swinging Strike
0-1: Swinging Strike
0-2: Ball
1-2: Strikes out swinging
Batting: LHB Richard Bell 0-0: Called Strike
0-1: Foul Ball, location: 2F
0-2: Ball
1-2: Foul Ball, location: 2F
1-2: Reached on error, E5 (Groundball, 56)
Jason McIntosh to second
Batting: LHB Francisco Chavero 0-0: Called Strike
0-1: Ball
1-1: Ball
2-1: Fly out, F8 (Flyball, 8RXD)
Runner from 2nd tags up, SAFE at 3rd, no throw
Pitching: RHP José Orozco
Pinch Runner at 1st Marcos Liñares:
Batting: RHB Horace Johnson 0-0: Fly out, F4 (Popup, 4M)
Top of the 8th over - 0 runs, 0 hits, 1 error, 2 left on base; Culver City 3 - Moose Jaw 5
BOTTOM OF THE 8TH
Moose Jaw Ghostbusters batting - Pitching for Culver City Extras : LHP Alonso Álvarez
Now at 2B: Marcos Liñares
Batting: RHB Johnny MacNamara 0-0: Called Strike
0-1: Ground out 6-3 (Groundball, 6D)
Batting: RHB Henry Barker 0-0: Called Strike
0-1: Ball
1-1: Called Strike
1-2: Strikes out swinging
Batting: LHB Jon Rogers 0-0: Called Strike
0-1: Foul Ball, location: 2F
0-2: Strikes out looking
Bottom of the 8th over - 0 runs, 0 hits, 0 errors, 0 left on base; Culver City 3 - Moose Jaw 5
TOP OF THE 9TH
Culver City Extras batting - Pitching for Moose Jaw Ghostbusters : RHP José Orozco
Batting: LHB Jorge Martínez 0-0: Foul Ball, location: 2F
0-1: Ball
1-1: Fly out, F9 (Flyball, 89M)
Batting: LHB Tony Smith 0-0: Ball
1-0: SOLO HOME RUN (Flyball, 9D), Distance : 342 ft
Pinch Hitting: LHB Randy Wiggins 0-0: Foul Ball, location: 2F
0-1: SINGLE (Line Drive, 8LD)
Batting: RHB Mitchell Darragh Pickoff Throw to First - Error! E1
Randy Wiggins to second
0-0: Swinging Strike
0-1: Ground out 3-1 (Groundball, 34)
Randy Wiggins to third
Batting: RHB Jason McIntosh 0-0: Ball
1-0: Swinging Strike
1-1: Foul Ball, location: 2F
1-2: Strikes out swinging
Top of the 9th over - 1 run, 2 hits, 1 error, 1 left on base; Culver City 4 - Moose Jaw 5
Saturday, December 16th, 2017 - OOTP Baseball 18.8 Build 76